 Dungeon Sprint DCSS version 0.27.1-1-g398f81649c (webtiles) character file.

Game seed: 6077033790313252763

2247 ugugthedestroyer the Grappler (level 9, -6/147 HPs)
             Began as a Troll Monk on Sept 6, 2021.
             Was a Believer of Zin.
             Mangled by a 13-headed hydra (13 damage)
             ... in the Dungeon (Sprint VII: "The Pits").
             The game lasted 00:04:53 (578 turns).

ugugthedestroyer the Grappler (Troll Monk)           Turns: 578, Time: 00:04:54

Health: -6/147     AC:  7    Str: 27    XL:     9   Next: 15%
Magic:  8/8        EV: 13    Int:  6    God:    Zin [**....]
Gold:   0          SH:  0    Dex: 12    Spells: 8/8 levels left

rFire    . . .     SeeInvis .     - Unarmed
rCold    . . .     Faith    .   (no shield)
rNeg     . . .     Spirit   .   a - +0 robe
rPois    .         Reflect  .   (helmet restricted)
rElec    .         Harm     .   (no cloak)
rCorr    .         Rampage  .   (gloves unavailable)
Will     .....     NoTele   +   (boots unavailable)
Stlth    ..........             (no amulet)
HPRegen  1.34/turn              c - +3 ring of protection
MPRegen  0.11/turn              k - +3 ring of strength

@: berserking, very slightly contaminated, invisible, very quick
A: large, unfitting armour, claws 3, regeneration 1, shaggy fur 1, tough skin 1
a: Renounce Religion, Recite, Vitalisation, Donate Gold


You were in the Dungeon.
You worshipped Zin.
Zin was pleased with you.
You visited 1 branch

Inventory:

Armour
 a - a +0 robe (worn)
Jewellery
 c - a +3 ring of protection (left claw)
 k - a +3 ring of strength (right claw)
Scrolls
 i - 5 scrolls of amnesia
 j - a scroll of summoning
Potions
 b - 7 potions of curing
 e - 4 potions of magic
 f - 3 potions of berserk rage
 l - 6 potions of heal wounds


   Skills:
 * Level 9.1 Fighting
 + Level 9.1 Dodging
 - Level 1.0 Stealth
 + Level 14.6 Unarmed Combat


You had 8 spell levels left.
You didn't know any spells.
Your spell library was empty.

Dungeon Overview and Level Annotations

Branches:
Dungeon (1/1)

Altars:
Ashenzari
Cheibriados
Dithmenos
Elyvilon
Fedhas
Gozag
Hepliaklqana
Kikubaaqudgha
Makhleb
Nemelex Xobeh
Okawaru
Qazlal
Ru
Sif Muna
Trog
Uskayaw
Vehumet
Wu Jian
Xom
Yredelemnul
Zin
The Shining One
Beogh
Jiyva
Lugonu


Innate Abilities, Weirdness & Mutations

You are too large for most types of armour.
You have claws for hands.
Your natural rate of healing is unusually fast.
You are covered in fur. (AC +1)
You have tough skin. (AC +1)


Message History

The nine-headed hydra barely misses you.
The nine-headed hydra bites you!
* * * LOW HITPOINT WARNING * * *
You tear one of the nine-headed hydra's heads off!
The eight-headed hydra grows two more!
You scratch the ten-headed hydra.
The ten-headed hydra is heavily wounded.
The spriggan completely misses you.
Unknown command.
You rip one of the ten-headed hydra's heads off!
The nine-headed hydra grows two more!
You mangle the 11-headed hydra!!
The 11-headed hydra is almost dead.
The 11-headed hydra barely misses you. The 11-headed hydra closely misses you.
The 11-headed hydra bites you.
* * * LOW HITPOINT WARNING * * *
The 11-headed hydra bites you but does no damage.
The 11-headed hydra misses you.
The 11-headed hydra bites you but does no damage.
The 11-headed hydra barely misses you.
The 11-headed hydra bites you but does no damage.
The 11-headed hydra bites you.
* * * LOW HITPOINT WARNING * * *
The 11-headed hydra bites you.
* * * LOW HITPOINT WARNING * * *
The 11-headed hydra bites you but does no damage.
You catch the helpless 11-headed hydra completely off-guard!
You claw one of the 11-headed hydra's heads off!
The ten-headed hydra grows two more!
You scratch the 12-headed hydra.
The 12-headed hydra is severely wounded.
The spriggan hits you with a +0 rapier.
* * * LOW HITPOINT WARNING * * *
Unknown command.
You rip one of the 12-headed hydra's heads off!
The 11-headed hydra grows two more!
You claw the 13-headed hydra!
The 13-headed hydra is severely wounded.
The 13-headed hydra closely misses you. The 13-headed hydra bites you.
* * * LOW HITPOINT WARNING * * *
The 13-headed hydra closely misses you. The 13-headed hydra bites you!
* * * LOW HITPOINT WARNING * * *
The 13-headed hydra bites you!
You die...

____.# ____.#
__...###########++######
####'##................#
)))'.##......#..#......#
####.##................+
....).'................+
#'#####......#..#......#
..#..##.........@......#
..#))#####'#####Di######
###))##.......##yT#
†.#))##.......##yy#
..#[[##.......##))# +#
)##'###...<...##).# #.##
.)...##.......##.)# #...##
.....##.......##..## #.....#
#######.......##...##y.....#


You could see a 13-headed hydra, a deep troll, a spriggan and 3 killer bees.

Vanquished Creatures
  A sea snake (D)
  Joseph (D)
  A kobold demonologist (D)
  An ice devil (D)
  A redback (D)
  A water moccasin (D)
  An orc warrior (D)
  A sky beast (D)
  A centaur (D)
  Blork the orc (D)
  A gnoll sergeant (D)
  3 killer bees (D)
  An orc priest (D)
  A jelly (D)
  5 gnolls (D)
  3 adders (D)
  A river rat (D)
  A white imp (D)
  5 orcs (D)
  A ball python (D)
  A goblin (D)
  A hobgoblin (D)
  7 jackals (D)
  A frilled lizard (D)
  A rat (D)
43 creatures vanquished.

Notes
Turn   | Place    | Note
-------+----------+-------------------------------------------
     0 | D        | ugugthedestroyer the Troll Monk began the quest for the
                  | Orb.
     0 | D        | Reached XP level 1. HP: 22/22 MP: 0/0
    20 | D        | Found a bloodstained altar of Trog.
    20 | D        | Found a shimmering blue altar of Sif Muna.
    20 | D        | Found a viscous altar of Jiyva.
    20 | D        | Found a hazy altar of Hepliaklqana.
    20 | D        | Found an opulent altar of Gozag.
    40 | D        | Found a glowing golden altar of the Shining One.
    40 | D        | Found a glowing silver altar of Zin.
    40 | D        | Found a basalt altar of Yredelemnul.
    40 | D        | Found a shimmering altar of Xom.
    40 | D        | Found an ornate altar of the Wu Jian Council.
    40 | D        | Found a sacrificial altar of Ru.
    40 | D        | Found a stormy altar of Qazlal.
    40 | D        | Found an iron altar of Okawaru.
    40 | D        | Found a sparkling altar of Nemelex Xobeh.
    40 | D        | Found a burning altar of Makhleb.
    40 | D        | Found a blossoming altar of Fedhas.
    40 | D        | Found a white marble altar of Elyvilon.
    40 | D        | Found a shadowy altar of Dithmenos.
    40 | D        | Found a snail-covered altar of Cheibriados.
    43 | D        | Found a corrupted altar of Lugonu.
    43 | D        | Found a radiant altar of Vehumet.
    44 | D        | Found an ancient bone altar of Kikubaaqudgha.
    44 | D        | Found a hide-covered altar of Uskayaw.
    44 | D        | Found a broken altar of Ashenzari.
    58 | D        | Became a worshipper of Zin the Law-Giver
    58 | D        | Reached * piety under Zin
    58 | D        | Reached ** piety under Zin
    87 | D        | Reached skill level 4 in Unarmed Combat
    87 | D        | Reached XP level 2. HP: 20/31 MP: 1/1
   122 | D        | Reached XP level 3. HP: 37/39 MP: 2/2
   128 | D        | Noticed Blork the orc
   135 | D        | Reached skill level 5 in Unarmed Combat
   148 | D        | Killed Blork the orc
   149 | D        | Reached skill level 6 in Unarmed Combat
   149 | D        | Reached XP level 4. HP: 40/49 MP: 3/3
   206 | D        | Noticed a sky beast
   216 | D        | Noticed a water moccasin
   219 | D        | Killed a sky beast
   220 | D        | Reached skill level 5 in Fighting
   220 | D        | Reached skill level 5 in Dodging
   220 | D        | Reached skill level 8 in Unarmed Combat
   220 | D        | Reached XP level 5. HP: 32/59 MP: 4/4
   233 | D        | Killed a water moccasin
   234 | D        | Reached skill level 9 in Unarmed Combat
   234 | D        | Reached XP level 6. HP: 44/67 MP: 5/5
   250 | D        | Reached skill level 10 in Unarmed Combat
   320 | D        | Reached XP level 7. HP: 76/76 MP: 6/6
   330 | D        | Noticed an ice devil
   330 | D        | Noticed a kobold demonologist
   347 | D        | Killed an ice devil
   348 | D        | Reached skill level 11 in Unarmed Combat
   351 | D        | Noticed an ice devil
   359 | D        | Killed a kobold demonologist
   360 | D        | Reached skill level 12 in Unarmed Combat
   360 | D        | Reached XP level 8. HP: 67/88 MP: 7/7
   483 | D        | Noticed Joseph
   486 | D        | Noticed a sea snake
   512 | D        | Killed a sea snake
   513 | D        | Reached skill level 13 in Unarmed Combat
   517 | D        | Killed Joseph
   518 | D        | Reached skill level 14 in Unarmed Combat
   524 | D        | Reached XP level 9. HP: 45/97 MP: 8/8
   547 | D        | Noticed a six-headed hydra
   547 | D        | Noticed a deep troll
   578 | D        | HP: 7/147 [13-headed hydra (12)]
   578 | D        | Mangled by a 13-headed hydra

Illustrated notes

Levels and vault maps discovered:
D:        pitsprint [storerooms_1, entrance_room_1, metal_vault_3, armoury_1,
          mini_pit_1, grid_room_1, main_hall_1, silver_pit, the_coven_1,
          the_vestibule_1, steel_vault_4, golden_pit, hallway_of_sentries,
          crystal_vault_6, iron_vault_1, final_vault]

Skill      XL: |  1  2  3  4  5  6  7  8  9 |
---------------+----------------------------+-----
Fighting       | 3 4 5 6 8 9 |  9.1
Dodging        | 3 4 5 6 7 8 9 |  9.1
Unarmed Combat | 4 6 8 9 10 12 14 | 14.6
Stealth        | |  1.0

Action                   |  1- 3 |  4- 6 |  7- 9 || total
-------------------------+-------+-------+-------++-------
Melee: Unarmed           |    37 |    56 |    72 ||   165
       Punch             |       |     3 |     2 ||     5
  Use: Potion            |     1 |     1 |    12 ||    14
       Scroll            |       |       |     1 ||     1
 Stab: Sleeping          |     1 |     1 |       ||     2
       Invisible         |       |       |     8 ||     8
Armor: Robe              |     9 |    31 |    20 ||    60
Dodge: Dodged            |    14 |    66 |    41 ||   121
